 Dungeon Crawl Stone Soup version 0.21-a0-471-gd587bd5 (webtiles) character file.

146547 theanonym the Imperceptible (level 16, -1/87 HPs)
             Began as a Spriggan Enchanter on Nov 22, 2017.
             Was the Champion of Dithmenos.
             Slain by the 27-headed Lernaean hydra (2 damage)
             ... on level 4 of the Swamp.
             The game lasted 03:24:14 (44509 turns).

theanonym the Imperceptible (Spriggan Enchanter)   Turns: 44509, Time: 03:24:14

Health: -1/87      AC:  8    Str:  4    XL:     16   Next: 89%
Magic:  25/30      EV: 40    Int: 29    God:    Dithmenos [******]
Gold:   370        SH:  2    Dex: 19    Spells: 5/33 levels left

rFire    + . .     SeeInvis +   a - +9 quick blade (pierce)
rCold    + . .     Gourm    .   (shield restricted)
rNeg     . . .     Faith    .   m - +2 robe {rC+ rF+}
rPois    .         Spirit   .   O - +2 hat {Int+3}
rElec    .         Reflect  +   o - +1 cloak
rCorr    .         Harm     .   (gloves unavailable)
MR       ++...                  (boots unavailable)
Stlth    ++++++++++             k - +2 amulet of reflection
HPRegen  0.24/turn              W - ring "Taush" {EV+4 Int+5}
MPRegen  0.22/turn              p - +4 ring of evasion

@: hasted, wreathed by umbra, studying Spellcasting, very quick
A: unfitting armour, see invisible, herbivore 3, speed 3, slow metabolism 2
a: Shadow Step, Shadow Form, Renounce Religion


Innate Abilities, Weirdness & Mutations

You are very small and have problems with some larger weapons.
You are too small for most types of armour.
You have supernaturally acute eyesight. (SInv)
You are a herbivore.
You cover ground extremely quickly.
You need consume almost no food.


   Skills:
 + Level 11.1 Fighting
 - Level 10.0 Short Blades
 - Level 15.0 Dodging
 + Level 23.2 Stealth
 - Level 9.2 Spellcasting
 + Level 15.7 Hexes
 - Level 3.2 Air Magic
 - Level 10.4 Invocations


You had 5 spell levels left.
You knew the following spells:

 Your Spells              Type           Power        Failure   Level  Hunger
a - Corona                Hex            #######      0%          1    None
b - Ensorcelled Hibernat  Hex/Ice        ######       1%          2    None
c - Confuse               Hex            #######.     1%          3    None
d - Tukima's Dance        Hex            #######.     1%          3    None
e - Passwall              Tmut/Erth      ##........   6%          2    None
f - Dazzling Spray        Conj/Hex       ######       1%          3    None
g - Ozocubu's Armour      Chrm/Ice       ##......     12%         3    None
h - Animate Skeleton      Necr           N/A          4%          1    None
i - Silence               Hex/Air        ######....   2%          5    ####...
j - Cause Fear            Hex            #######...   1%          4    None
q - Apportation           Tloc           ##....       4%          1    None

Skill      XL: |  1  2  3  4  5  6  7  8  9 10 11 12 13 14 15 16 |
---------------+-------------------------------------------------+-----
Spellcasting   | 3 4 6 8 9 |  9.2
Hexes          | 4 5 6 7 8 9 10 11 12 15 | 15.7
Short Blades   | 2 3 4 5 6 8 9 10 | 10.0
Stealth        | 5 6 7 9 10 12 13 15 18 19 21 23 | 23.2
Dodging        | 5 8 10 12 15 | 15.0
Fighting       | 3 5 8 10 11 | 11.1
Invocations    | 2 10 | 10.4
Air Magic      | 3 |  3.2

Action                   |  1- 3 |  4- 6 |  7- 9 | 10-12 | 13-15 | 16-18 || total
-------------------------+-------+-------+-------+-------+-------+-------++-------
Melee: Dagger            |   150 |    90 |   210 |   461 |   639 |       ||  1550
       Unarmed           |       |       |       |    18 |       |       ||    18
       Rapier            |       |       |       |       |     5 |       ||     5
       Quick blade       |       |       |       |       |   357 |   321 ||   678
 Fire: Blowgun           |       |       |       |   144 |       |       ||   144
Throw: Throwing net      |       |       |       |     3 |       |       ||     3
 Cast: Corona            |    16 |     1 |     3 |       |     1 |       ||    21
       Ensorcelled Hiber |    22 |    29 |    92 |   166 |   262 |   104 ||   675
       Confuse           |     3 |    11 |    41 |    95 |   309 |    75 ||   534
       Tukima's Dance    |       |     1 |     2 |     1 |     5 |     6 ||    15
       Dazzling Spray    |       |       |       |    15 |    58 |    32 ||   105
       Apportation       |       |       |       |       |     2 |       ||     2
       Animate Skeleton  |       |       |       |       |       |     4 ||     4
Invok: Shadow Step       |       |       |       |     5 |    11 |     1 ||    17
Evoke: Wand              |       |       |       |     6 |     9 |       ||    15
  Use: Scroll            |       |     4 |    12 |    10 |    13 |     3 ||    42
       Potion            |       |       |     6 |     1 |     1 |     4 ||    12
 Stab: Sleeping          |    24 |    19 |    53 |   139 |   224 |    65 ||   524
       Confused          |     1 |     9 |    24 |    50 |   126 |    44 ||   254
       Distracted        |     1 |       |     1 |     2 |    12 |     3 ||    19
       Invisible         |       |       |       |     5 |    20 |     9 ||    34
       Held in net/web   |       |       |       |     4 |       |       ||     4
       Petrifying        |       |       |       |       |     4 |       ||     4
  Eat: Bread ration      |       |     2 |     2 |     2 |     4 |       ||    10
       Fruit             |       |       |       |     4 |     1 |     3 ||     8
Armor: Robe              |    16 |     1 |    11 |     7 |    26 |     5 ||    66
Dodge: Dodged            |   124 |    47 |   168 |   303 |   703 |   183 ||  1528
Block: Other             |       |       |       |       |       |     8 ||     8
       Reflection        |       |       |       |       |       |     2 ||     2

Inventory:

Hand Weapons
 a - a +9 quick blade of piercing (weapon)
   (You acquired it on level 14 of the Dungeon)
 Z - a +0 blowgun
   (You took it off a kobold on level 8 of the Dungeon)
Missiles
 x - 4 throwing nets (quivered)
 H - 81 poisoned needles
 I - 8 needles of sleeping
Armour
 m - a +2 robe of resistance (worn)
   (You took it off Erica on level 8 of the Dungeon)
 o - a +1 cloak (worn)
   (You took it off Crazy Yiuf on level 2 of the Dungeon)
 O - a +2 hat of intelligence (worn)
   (You acquired it on level 14 of the Dungeon)
Jewellery
 k - a +2 amulet of reflection (around neck)
   (You bought it in a shop on level 2 of the Orcish Mines)
 n - an uncursed amulet of regeneration {+regen}
   (You took it off an orc on level 2 of the Orcish Mines)
 p - a +4 ring of evasion (right hand)
   (You found it on level 3 of the Dungeon)
 z - an uncursed ring of fire {rF+, rC-}
   (You took it off a kobold on level 8 of the Dungeon)
 C - an uncursed ring of resist corrosion
   (You found it on level 5 of the Dungeon)
 L - an uncursed ring of flight {+Fly}
   (You took it off a centaur on level 13 of the Dungeon)
 M - the ring of Ehishuh {+Blink rN+ MP+9 Stlth+}
   (You found it on level 8 of the Dungeon)

   [ring of stealth]

   It protects you from negative energy.
   It affects your magic capacity (+9).
   It lets you blink.
   It makes you more stealthy.
 N - an uncursed ring of positive energy {rN+}
   (You found it on level 1 of the Lair of Beasts)
 W - the ring "Taush" (left hand) {EV+4 Int+5}
   (You bought it in a shop on level 2 of the Orcish Mines)

   [ring of evasion]

   It affects your evasion (+4).
   It affects your intelligence (+5).
Wands
 d - a wand of digging (29)
   (You found it on level 7 of the Dungeon)
 v - a wand of acid (12)
   (You found it on level 3 of the Lair of Beasts)
 w - a wand of paralysis (45)
   (You found it on level 7 of the Dungeon)
 B - a wand of disintegration (17)
   (You found it on level 13 of the Dungeon)
 E - a wand of polymorph (45)
   (You found it on level 13 of the Dungeon)
 J - a wand of iceblast (26)
   (You found it on level 9 of the Dungeon)
Scrolls
 b - 2 scrolls of blinking
 i - 9 scrolls of remove curse
 t - 8 scrolls of teleportation {!r}
 y - 2 scrolls of magic mapping {!r}
 P - 2 scrolls of fear {!r}
 R - a scroll of enchant weapon
 Y - a scroll of amnesia
Potions
 c - a potion of berserk rage {!q}
 f - 2 potions of flight
 h - 3 potions of cancellation
 j - a potion of haste
 l - 10 potions of curing
 q - 7 potions of heal wounds
 s - 3 potions of resistance
 u - 5 potions of brilliance
 D - a potion of magic
 F - 8 potions of lignification
 G - 2 potions of might
 K - 2 potions of ambrosia
 S - a potion of mutation
 V - 4 potions of agility
 X - a potion of invisibility
Books
 Q - a book of Enchantments
   (You bought it in a shop on level 2 of the Orcish Mines)

   Spells                             Type                      Level
   a - Cause Fear                     Hexes                        4
   b - Yara's Violent Unravelling     Hexes/Transmutation          5
   c - Silence                        Hexes/Air                    5
   d - Deflect Missiles               Charms/Air                   6
   e - Discord                        Hexes                        8
 U - a manual of Spellcasting
   (You found it on level 1 of the Swamp)
Miscellaneous
 T - a box of beasts
Comestibles
 e - 7 fruits
 g - 11 bread rations
 A - 11 royal jellies

Dungeon Overview and Level Annotations

Branches:
Dungeon (15/15)            Temple (0/1) D:7            Lair (6/6) D:11
  Swamp (4/4) Lair:2        Snake (1/4) Lair:4        Slime (0/5) Lair:5
    Orc (2/2) D:12            Elf (1/3) Orc:2        Vaults (0/5) D:14
 Depths (0/5) D:15

Altars:
Cheibriados
Dithmenos
Kikubaaqudgha
Qazlal
Ru
Sif Muna
Uskayaw
Vehumet
Wu Jian
Xom
Zin

Shops:
D:6 *   D:10 *   D:14 ?   Orc:2 :=!?   Elf:1 !

Annotations:
D:4 Tux's ghost, novice TeCj
Lair:5 exclusion: oklob plant
Swamp:1 exclusion: Roxanne, Roxanne
Swamp:4 Lernaean hydra


You were on level 4 of the Swamp.
You worshipped Dithmenos.
Dithmenos was exalted by your worship.
You were not hungry.

You visited 6 branches of the dungeon, and saw 29 of its levels.
You also visited: Ice Cave.

You collected 2914 gold pieces.
You spent 2544 gold pieces at shops.


Message History

You enter the shallow water.
Moving in this stuff is going to be slow.
Unknown command.
Unknown command.
You enter the shallow water.
Moving in this stuff is going to be slow.
There is a stone staircase leading up here.
You enter the shallow water.
Moving in this stuff is going to be slow.
Found 21 gold pieces.
You eat one of the 8 fruits.
That apple was delicious!
You enter the shallow water.
Moving in this stuff is going to be slow.
You now have 370 gold pieces (gained 21).
You enter the shallow water.
Moving in this stuff is going to be slow.
You hear a crashing sound.
You enter the shallow water.
Moving in this stuff is going to be slow.
You hear a crashing sound.
You hear a crashing sound.
You hear a crashing sound.
Aim: a swamp dragon (hasn't noticed you, umbra, chance to defeat MR: 55%)
The swamp dragon roars deafeningly!
The swamp dragon resists with some effort.
You hear a deafening roar!
You hear a roar!
You hear a deafening roar! x2
You hear a roar!
You hear a deafening roar!
You hear a roar!
You hear a crashing sound.
You now have 28/30 mp.
Aim: a swamp dragon (umbra, chance to defeat MR: 55%)
The swamp dragon looks drowsy...
Your shadow mimicks your spell!
The swamp dragon is unaffected.
You hear a crashing sound.
You hear a deafening roar!
You hear a roar!
A seven-headed hydra comes into view.
You now have 26/30 mp.
You enter the shallow water.
Moving in this stuff is going to be slow.
The 27-headed Lernaean hydra comes into view.
The 27-headed Lernaean hydra roars deafeningly!
You hear a roar!
A six-headed hydra comes into view.
A swamp dragon comes into view.
Aim: the 27-headed Lernaean hydra (umbra, chance to defeat MR: 9%)
Okay, then.
Really read
t - 9 scrolls of teleportation {!r}?
As you read the scroll of teleportation {!r}, it crumbles to dust.
You feel strangely unstable.
You enter the shallow water.
Moving in this stuff is going to be slow.
Your surroundings seem slightly different.
Unknown command.
Aim: a six-headed hydra (water, umbra)
The spray of energy hits the six-headed hydra.
The spray of energy hits the 27-headed Lernaean hydra.
The spray of energy hits the seven-headed hydra.
You now have 25/30 mp.
Okay, then.
Okay, then.
You feel yourself speed up. The six-headed hydra bites you.
The six-headed hydra bites you!
You emit a cloud of dark smoke.
The six-headed hydra completely misses you.
The six-headed hydra barely misses you.
The six-headed hydra completely misses you. x2
You take 16 damage, and have 71/87 hp.
The seven-headed hydra completely misses you. x2
The seven-headed hydra misses you.
The seven-headed hydra completely misses you. x3
The seven-headed hydra misses you.
Things that are here:
+0 swamp dragon scales; a swamp dragon corpse The 27-headed Lernaean hydra bites you!
You emit a cloud of dark smoke.
The 27-headed Lernaean hydra misses you. x4
The 27-headed Lernaean hydra completely misses you.
The 27-headed Lernaean hydra bites you.
You emit a cloud of dark smoke.
The 27-headed Lernaean hydra completely misses you. x2
The 27-headed Lernaean hydra bites you.
The 27-headed Lernaean hydra closely misses you.
The 27-headed Lernaean hydra completely misses you.
The 27-headed Lernaean hydra bites you but does no damage.
The 27-headed Lernaean hydra bites you!!
* * * LOW HITPOINT WARNING * * *
You emit a cloud of dark smoke.
The 27-headed Lernaean hydra completely misses you.
The 27-headed Lernaean hydra bites you!
* * * LOW HITPOINT WARNING * * *
You emit a cloud of dark smoke.
You block the 27-headed Lernaean hydra's attack.
The 27-headed Lernaean hydra bites you.
* * * LOW HITPOINT WARNING * * *
The 27-headed Lernaean hydra completely misses you.
The 27-headed Lernaean hydra bites you!
* * * LOW HITPOINT WARNING * * *
The 27-headed Lernaean hydra completely misses you.
The 27-headed Lernaean hydra barely misses you.
The 27-headed Lernaean hydra completely misses you.
The 27-headed Lernaean hydra bites you.
* * * LOW HITPOINT WARNING * * *
The 27-headed Lernaean hydra bites you.
You die...

♣≈≈♣ ♣♣♣≈≈≈≈≈.≈≈≈§.≈♣ ♣..♣
♣≈≈k.≈≈≈≈≈≈≈.♣♣♣♣♣ .≈÷♣♣
♣.≈..≈≈≈≈≈≈≈≈..≈≈♣♣♣♣♣
..≈.♣♣♣♣♣≈§≈...≈≈≈≈≈≈§.≈≈.♣≈≈♣♣
....♣D≈...≈≈§≈≈≈≈.≈≈≈≈§≈≈.≈.≈.♣
.§..♣♣♣k...≈≈≈≈≈≈.≈≈≈≈≈≈≈≈..♣♣♣♣
D..≈.....D§≈≈≈≈≈§≈♣.≈≈≈.......≈♣
§...≈≈≈≈≈≈≈≈≈≈≈§§§..≈≈≈...≈.≈≈.♣
.#...≈≈≈≈≈≈≈≈≈DD@§♣.≈≈≈.≈..(≈≈.♣
.....≈≈≈≈≈≈≈≈§D§♣♣♣.≈≈.♣♣♣♣..≈.♣♣
...≈≈≈≈≈≈≈≈≈≈§§§.♣≈≈≈≈.......≈<.≈
≈..≈≈≈≈≈≈≈≈..§§§.♣.≈≈≈≈.≈≈≈§≈≈≈≈≈
≈≈≈≈≈≈..≈.≈..≈≈≈.♣.≈≈≈..≈≈≈≈≈.≈≈≈
≈≈≈§≈.♣♣♣...≈≈...♣♣≈≈§≈.≈≈≈≈≈≈≈≈≈
≈≈≈≈≈≈.♣♣≈.≈≈≈...♣♣..≈≈..≈≈≈§≈♣♣♣
≈≈≈≈≈≈≈.≈≈)≈≈≈....♣♣♣≈≈≈≈≈≈≈≈.♣
..§≈≈...≈≈.†≈.≈≈≈≈≈♣♣..≈≈≈≈§..♣


You could see the 27-headed Lernaean hydra, a seven-headed hydra, a six-headed
hydra, a swamp dragon (wandering) and a swamp drake.

Notes
Turn   | Place    | Note
-------+----------+-------------------------------------------
     0 | D:1      | theanonym the Spriggan Enchanter began the quest for the Orb.
     0 | D:1      | Reached XP level 1. HP: 9/9 MP: 5/5
     1 | D:1      | Noticed an elf
     3 | D:1      | Noticed a minotaur
     3 | D:1      | Noticed a troll
     5 | D:1      | Noticed an ogre
     6 | D:1      | Noticed an ogre
     7 | D:1      | Noticed a felid
    10 | D:1      | Noticed an ogre
    10 | D:1      | Noticed a centaur
    12 | D:1      | Noticed a spriggan
    14 | D:1      | Noticed a naga
    14 | D:1      | Noticed a centaur
    16 | D:1      | Noticed a ghoul
   113 | D:1      | HP: 4/9 [kobold/short sword (3)]
   277 | D:1      | HP: 4/9 [kobold/whip (5)]
   489 | D:1      | Reached skill level 3 in Spellcasting
   496 | D:1      | Reached XP level 2. HP: 13/13 MP: 4/7
   523 | D:1      | Learned a level 2 spell: Ensorcelled Hibernation
   834 | D:1      | Reached skill level 4 in Hexes
  1535 | D:2      | Reached XP level 3. HP: 16/16 MP: 8/8
  1555 | D:2      | Reached skill level 2 in Short Blades
  1573 | D:2      | Noticed Terence
  1620 | D:2      | Learned a level 3 spell: Confuse
  1659 | D:2      | Reached skill level 5 in Stealth
  1860 | D:2      | Found a shadowy altar of Dithmenos.
  1869 | D:2      | Found a sacrificial altar of Ru.
  1875 | D:2      | Became a worshipper of Dithmenos the Shadowed
  2106 | D:2      | Reached XP level 4. HP: 13/21 MP: 0/10
  2248 | D:2      | Killed Terence
  2527 | D:2      | Found a runed door.
  2797 | D:2      | Noticed Crazy Yiuf
  2809 | D:2      | Killed Crazy Yiuf
  2809 | D:2      | Reached skill level 4 in Spellcasting
  2809 | D:2      | Reached XP level 5. HP: 24/24 MP: 3/12
  2943 | D:3      | Learned a level 3 spell: Tukima's Dance
  2947 | D:3      | Learned a level 3 spell: Dazzling Spray
  3111 | D:3      | Noticed Grinder
  3122 | D:3      | Killed Grinder
  3122 | D:3      | Reached skill level 3 in Short Blades
  3122 | D:3      | Reached skill level 6 in Stealth
  3122 | D:3      | Reached skill level 5 in Hexes
  3122 | D:3      | Reached XP level 6. HP: 15/28 MP: 10/13
  3357 | D:3      | Reached skill level 4 in Short Blades
  3474 | D:3      | Noticed Jessica
  3483 | D:3      | Killed Jessica
  3483 | D:3      | Reached skill level 7 in Stealth
  3998 | D:4      | Noticed Tux's ghost (novice TeCj)
  4505 | D:4      | Reached skill level 6 in Hexes
  4696 | D:4      | Found an ornate altar of the Wu Jian Council.
  4700 | D:4      | Found a stormy altar of Qazlal.
  4760 | D:4      | Reached XP level 7. HP: 32/32 MP: 7/14
  5104 | D:4      | Reached * piety under Dithmenos
  5310 | D:5      | Entered Level 5 of the Dungeon
  5421 | D:5      | Found a radiant altar of Vehumet.
  5457 | D:5      | Found a deep blue altar of Sif Muna.
  5566 | D:5      | Reached skill level 8 in Stealth
  5618 | D:5      | Reached skill level 5 in Short Blades
  5669 | D:5      | Noticed a yak
  5671 | D:5      | Noticed a yak
  5672 | D:5      | Noticed a yak
  5673 | D:5      | Noticed a yak
  5674 | D:5      | Noticed a yak
  5676 | D:5      | Killed a yak
  5775 | D:5      | Reached skill level 7 in Hexes
  5786 | D:5      | Killed a yak
  5786 | D:5      | Reached skill level 9 in Stealth
  5786 | D:5      | Reached XP level 8. HP: 36/36 MP: 5/15
  6176 | D:5      | Reached skill level 4 in Dodging
  6184 | D:5      | Reached skill level 6 in Short Blades
  6422 | D:5      | Reached skill level 5 in Dodging
  6422 | D:5      | Reached skill level 10 in Stealth
  6422 | D:5      | Reached skill level 8 in Hexes
  6586 | D:6      | Found Zin's Purification Station.
  6588 | D:6      | Found a glowing silver altar of Zin.
  6783 | D:6      | Noticed Blork the orc
  6789 | D:6      | Killed Blork the orc
  6972 | D:6      | Reached XP level 9. HP: 39/39 MP: 10/16
  7056 | D:6      | Found a shimmering altar of Xom.
  7243 | D:6      | Reached skill level 6 in Dodging
  7351 | D:6      | Reached ** piety under Dithmenos
  7351 | D:6      | Reached skill level 7 in Short Blades
  7563 | D:6      | Found an ancient bone altar of Kikubaaqudgha.
  7818 | D:6      | Noticed Edmund
  7838 | D:6      | Killed Edmund
  8162 | D:6      | Reached skill level 11 in Stealth
  8269 | D:6      | Reached skill level 7 in Dodging
  8271 | D:6      | Reached skill level 9 in Hexes
  8620 | D:7      | HP: 15/39 [centaur/arrow (12)]
  8623 | D:6      | HP: 1/39 [orc wizard/magic dart (8)]
  9023 | D:7      | Noticed Pikel
  9051 | D:7      | Found a staircase to the Ecumenical Temple.
  9148 | D:7      | Killed Pikel
  9148 | D:7      | Reached skill level 8 in Short Blades
  9148 | D:7      | Reached skill level 8 in Dodging
  9879 | D:8      | Reached skill level 12 in Stealth
  9925 | D:8      | Reached *** piety under Dithmenos
  9957 | D:8      | Noticed a two-headed ogre
 10005 | D:8      | Found a runed door.
 10185 | D:8      | Reached XP level 10. HP: 43/44 MP: 0/17
 10395 | D:8      | Got a smoking amber ring
 10397 | D:8      | Identified the ring of Ehishuh {+Blink rN+ MP+9 Stlth+} (You found it on level 8 of the Dungeon)
 10464 | D:8      | Noticed Erica
 10490 | D:8      | Killed Erica
 10490 | D:8      | Reached skill level 1 in Fighting
 10490 | D:8      | Reached skill level 9 in Dodging
 10490 | D:8      | Reached skill level 10 in Hexes
 10898 | D:8      | Reached skill level 2 in Fighting
 11089 | D:8      | Killed a two-headed ogre
 11089 | D:8      | Reached skill level 9 in Short Blades
 11228 | D:8      | Found a runed door.
 11401 | D:8      | Noticed a two-headed ogre
 11410 | D:8      | Killed a two-headed ogre
 11410 | D:8      | Reached skill level 3 in Fighting
 11410 | D:8      | Reached skill level 10 in Dodging
 11725 | D:8      | Identified the Compendium of Mutagenic Necromancy
 11780 | D:8      | Reached **** piety under Dithmenos
 11958 | D:8      | theanonym: ??spen
 11958 | D:8      | beem: hyperbolic[1/4]: My 0.20 SpEn guide: SKILLS: Approximate goals are as follows: 1) 5 Short Blades, 8 Stealth. 2) 4 Spellcasting, 8 Hexes. 3) 3 Fighting, 8 Dodging. 4) 8 Short Blades, 12 Stealth. 5) 6 Fighting/Spellcasting, 10 Short Blades/Hexes, 15 Dodging/Stealth. 6) 10 Fighting, 27 Stealth, and whatever spell skills you want.
 12049 | D:8      | Reached skill level 13 in Stealth
 12547 | D:9      | Reached XP level 11. HP: 53/53 MP: 18/18
 13136 | D:9      | Found a sacrificial altar of Ru.
 13171 | D:9      | Reached skill level 4 in Fighting
 13212 | D:10     | Entered Level 10 of the Dungeon
 13270 | D:10     | Noticed Psyche
 13275 | D:10     | Killed Psyche
 13275 | D:10     | Reached skill level 10 in Short Blades
 13629 | D:10     | Found Foel's General Store.
 14517 | D:11     | Noticed a death yak
 14517 | D:11     | Noticed a death yak
 14520 | D:11     | Found a staircase to the Lair.
 14520 | D:11     | Noticed a death yak
 14521 | D:11     | Noticed a death yak
 14521 | D:11     | Noticed a death yak
 14522 | D:11     | Noticed a death yak
 14664 | D:11     | Noticed Harold
 14672 | D:11     | Killed Harold
 14823 | D:11     | Noticed a yaktaur captain
 14824 | D:11     | Noticed a centaur warrior
 14834 | D:11     | Reached skill level 14 in Stealth
 14996 | D:11     | Reached skill level 11 in Dodging
 15167 | D:11     | Reached ***** piety under Dithmenos
 15300 | D:11     | Reached skill level 5 in Fighting
 15708 | D:12     | Reached skill level 5 in Spellcasting
 16078 | D:12     | Noticed an unseen horror
 16082 | D:12     | Killed an unseen horror
 16198 | D:12     | Found a staircase to the Orcish Mines.
 16213 | D:12     | Reached skill level 6 in Spellcasting
 16222 | D:12     | Reached skill level 12 in Dodging
 16622 | D:12     | Noticed a seven-headed hydra
 16630 | D:12     | Killed a seven-headed hydra
 16630 | D:12     | Reached skill level 15 in Stealth
 16711 | D:12     | Reached XP level 12. HP: 60/60 MP: 22/22
 16732 | D:12     | Reached skill level 6 in Fighting
 17071 | D:12     | Noticed asdu's ghost (journeyman DsAr)
 17108 | D:12     | Killed asdu's ghost
 17213 | D:12     | Reached skill level 13 in Dodging
 17379 | Orc:1    | Entered Level 1 of the Orcish Mines
 17691 | D:13     | Noticed a two-headed ogre
 17698 | D:13     | Killed a two-headed ogre
 17698 | D:13     | Reached skill level 7 in Fighting
 17890 | D:13     | Noticed a death knight
 17898 | D:13     | Killed a death knight
 18111 | D:13     | Noticed a centaur warrior
 18245 | D:13     | HP: 10/63 [centaur warrior/arrow (26)]
 18681 | D:13     | Killed a centaur warrior
 18681 | D:13     | Reached skill level 14 in Dodging
 18681 | D:13     | Reached skill level 1 in Invocations
 18893 | D:14     | Found a gate to the Vaults.
 18898 | D:14     | Noticed a yaktaur captain
 19043 | D:13     | HP: 19/63 [meliai/divine providence (13)]
 19227 | D:14     | Noticed Frances
 19302 | D:14     | HP: 26/63 [meliai/divine providence (10)]
 19304 | D:14     | Noticed a tengu warrior
 19304 | D:14     | Noticed a tengu warrior
 19338 | D:14     | HP: 15/63 [sixfirhy[Frances] (15)]
 19338 | D:14     | HP: 6/63 [sixfirhy[Frances] (9)]
 19719 | D:13     | Reached skill level 2 in Invocations
 19756 | D:11     | Noticed a death yak
 20320 | D:11     | Killed a death yak
 20635 | D:11     | Killed a death yak
 20635 | D:11     | Reached skill level 8 in Fighting
 20895 | D:11     | Killed a death yak
 21082 | D:11     | Killed a death yak
 21203 | D:11     | Killed a death yak
 21203 | D:11     | Reached skill level 15 in Dodging
 21248 | D:11     | Killed a death yak
 21255 | D:11     | Killed a death yak
 21532 | Lair:1   | Entered Level 1 of the Lair of Beasts
 21596 | Lair:1   | Reached XP level 13. HP: 70/70 MP: 23/23
 22274 | Lair:2   | Reached skill level 9 in Fighting
 22333 | Lair:2   | Noticed Urug
 22400 | Lair:2   | Killed Urug
 22481 | Lair:2   | Identified the Catalogue of Fiery Transmigration
 22497 | Lair:2   | Reached skill level 16 in Stealth
 22539 | Lair:2   | Found a staircase to the Swamp.
 23259 | Lair:3   | Found a snail-covered altar of Cheibriados.
 24279 | Lair:4   | Reached skill level 17 in Stealth
 24320 | Lair:4   | Reached skill level 10 in Fighting
 24418 | Lair:4   | Found a staircase to the Snake Pit.
 25236 | Lair:4   | Reached skill level 11 in Hexes
 25547 | Lair:4   | Reached skill level 18 in Stealth
 25838 | Lair:5   | Found a staircase to the Slime Pits.
 26439 | Lair:6   | Entered Level 6 of the Lair of Beasts
 26644 | Lair:6   | Reached XP level 14. HP: 77/77 MP: 24/24
 26646 | Lair:6   | theanonym: !lg * win urune<=5 god=dith spen -log
 26646 | Lair:6   | beem: 189. RedSky, XL26 SpEn, T:132911: https://crawl.project357.org/morgue/RedSky/morgue-RedSky-20171108-092539.txt
 26646 | Lair:6   | theanonym: !lg * win urune<=5 god=dith spen -log xl=27
 26646 | Lair:6   | beem: 74. Chimkentus, XL27 SpEn, T:109321: http://crawl.berotato.org/crawl/morgue/Chimkentus/morgue-Chimkentus-20171026-170504.txt
 26667 | Lair:6   | Found a frozen archway.
 26743 | IceCv    | Entered an ice cave
 26756 | IceCv    | Reached ****** piety under Dithmenos
 26931 | IceCv    | Killed Megalobster's ghost
 27058 | IceCv    | Reached skill level 3 in Invocations
 27234 | IceCv    | HP: 36/77 [something (5)]
 27243 | IceCv    | HP: 28/77 [something (9)]
 27539 | IceCv    | Reached skill level 4 in Invocations
 27611 | IceCv    | HP: 38/77 [yak (7)]
 27615 | IceCv    | Reached skill level 5 in Invocations
 28003 | IceCv    | Noticed a frost giant
 28148 | Lair:6   | Learned a level 3 spell: Ozocubu's Armour
 28310 | Lair:6   | Noticed an entropy weaver
 28316 | Lair:6   | Killed an entropy weaver
 28316 | Lair:6   | Reached skill level 6 in Invocations
 28695 | Lair:6   | Noticed an entropy weaver
 28702 | Lair:6   | Killed an entropy weaver
 28702 | Lair:6   | Reached skill level 7 in Invocations
 28960 | Lair:6   | Reached skill level 8 in Invocations
 29608 | Lair:6   | Reached skill level 9 in Invocations
 29683 | Lair:6   | HP: 28/77 [catoblepas/blast of calcifying dust (12)]
 29692 | Lair:6   | HP: 22/77 [something/blast of calcifying dust (7)]
 30921 | Orc:1    | Reached skill level 10 in Invocations
 31092 | Orc:2    | Entered Level 2 of the Orcish Mines
 31218 | Orc:2    | Found a staircase to the Elven Halls.
 31571 | Orc:1    | Reached skill level 12 in Hexes
 32577 | D:14     | Found Hiepaega's Magic Scroll Shoppe.
 32586 | D:14     | Bought a scroll of acquirement for 624 gold pieces
 32600 | D:14     | Bought 2 scrolls of magic mapping for 84 gold pieces
 32600 | D:14     | Bought a scroll of identify for 24 gold pieces
 32600 | D:14     | Bought a scroll of identify for 24 gold pieces
 32600 | D:14     | Bought a scroll of identify for 24 gold pieces
 32600 | D:14     | Bought a scroll of identify for 24 gold pieces
 32708 | D:10     | Bought a scroll of brand weapon for 300 gold pieces
 32856 | D:14     | Reached skill level 19 in Stealth
 33281 | D:14     | Reached XP level 15. HP: 80/80 MP: 25/25
 34198 | Lair:6   | Reached skill level 13 in Hexes
 34762 | Swamp:1  | Entered Level 1 of the Swamp
 35063 | Swamp:1  | Noticed Josephine
 35092 | Swamp:1  | Killed Josephine
 35135 | Swamp:1  | Reached skill level 20 in Stealth
 35445 | Swamp:1  | Noticed Roxanne
 35447 | Swamp:1  | Reached skill level 7 in Spellcasting
 35630 | Swamp:1  | HP: 36/80 [bog body (16)]
 36051 | Swamp:2  | Noticed Salmacis's ghost (adept FoFi)
 36216 | Swamp:2  | Noticed a thorn hunter
 36219 | Swamp:2  | Killed a thorn hunter
 36219 | Swamp:2  | Reached skill level 8 in Spellcasting
 36264 | Swamp:2  | Learned a level 1 spell: Apportation
 36266 | Swamp:2  | Learned a level 1 spell: Animate Skeleton
 36494 | Swamp:2  | HP: 36/80 [Salmacis's ghost (23)]
 36871 | Swamp:2  | theanonym: !lg * !win spen s=place
 36871 | Swamp:2  | beem: 146657 games for * (!win spen): 47803x D:1, 21773x D:2, 18538x D:3, 13124x D:4, 6985x D:5, 4953x D:6, 3496x D:7, 3197x D:8, 2121x D:9, 1748x D:10, 1735x D:$, 1310x D:11, 879x Sewer, 869x D:12, 797x Lair:1, 749x Ossuary, 667x IceCv, 654x D:13, 647x Lair:2, 620x Lair:3, 620x Lair:8, 619x Lair:6, 561x Orc:4, 556x Orc:2, 537x Lair:4, 514x Bailey, 488x D:14, 456x Lair:5, 427x D:15, 311x Elf:3, 302x O...
 36871 | Swamp:2  | theanonym: !lg * !win spen s=place xl>=10
 36871 | Swamp:2  | beem: 21334 games for * (!win spen xl>=10): 1348x D:10, 1144x D:11, 1102x D:9, 780x D:12, 690x Lair:1, 658x IceCv, 618x D:13, 614x Lair:8, 611x Lair:6, 603x Lair:3, 601x Lair:2, 559x D:8, 554x Orc:4, 540x Orc:2, 518x Lair:4, 458x D:14, 448x Lair:5, 411x D:15, 311x Elf:3, 273x Orc:1, 260x Swamp:4, 251x Lair:7, 247x Zot:5, 239x Vaults:5, 234x Shoals:4, 232x Elf:1, 221x Volcano, 218x Snake:1, 207x Snake:...
 36871 | Swamp:2  | theanonym: !lg * !win spen s=place xl>=15
 36871 | Swamp:2  | beem: 7132 games for * (!win spen xl>=15): 296x Elf:3, 240x Zot:5, 235x Vaults:5, 220x Swamp:4, 211x Shoals:4, 189x D:15, 183x Snake:4, 179x Vaults:2, 170x Elf:1, 167x Swamp:3, 161x Vaults:4, 159x Snake:3, 153x Vaults:3, 149x Elf:2, 147x Depths:1, 146x Vaults:1, 146x Snake:1, 145x Snake:5, 144x Snake:2, 139x Shoals:3, 134x Swamp:2, 132x Depths:2, 130x Swamp:5, 127x Swamp:1, 121x Shoals:1, 116x Spider:...
 36871 | Swamp:2  | theanonym: !lg * !win spen s=place,xl xl>=15
 36871 | Swamp:2  | beem: 7132 games for * (!win spen xl>=15): 296x Elf:3 (64x 18, 62x 17, 59x 19, 42x 16, 20x 20, 20x 21, 18x 15, 6x 22, 3x 24, 23, 27), 240x Zot:5 (77x 27, 35x 26, 23x 24, 16x 25, 16x 17, 16x 23, 12x 21, 11x 22, 9x 18, 8x 20, 7x 19, 6x 16, 4x 15), 235x Vaults:5 (43x 22, 42x 21, 37x 20, 20x 19, 18x 17, 17x 18, 16x 23, 13x 16, 9x 24, 7x 15, 5x 26, 4x 25, 4x 27), 220x Swamp:4 (82x 16, 58x 17, 47x 15, 26x 1...
 36871 | Swamp:2  | theanonym: !lg * !win spen s=killer xl>=15
 36871 | Swamp:2  | beem: 7132 games for * (!win spen xl>=15): 252x, 198x Nikola, 160x a stone giant, 148x a water nymph, 135x a greater naga, 133x a naga sharpshooter, 131x a yaktaur captain, 105x an orb of fire, 105x a fire giant, 102x a thorn hunter, 102x a spriggan rider, 99x an acid blob, 99x a deep elf annihilator, 93x a wolf spider, 87x a deep elf sorcerer, 83x a naga warrior, 80x an Orb Guardian, 77x an Execution...
 36871 | Swamp:2  | theanonym: !lg . s=killer
 36871 | Swamp:2  | beem: 278 games for theanonym: 40x, 17x an orc priest, 13x a gnoll, 10x an orc wizard, 8x a two-headed ogre, 8x a jackal, 7x an orc, 7x an adder, 7x an ogre, 5x a hobgoblin, 5x Sigmund, 4x an orc warrior, 4x a worm, 4x a centaur, 3x a hornet, 3x Crazy Yiuf, 3x Duvessa, 3x a leopard gecko, 3x a bullfrog, 3x an electric eel, 3x an ooze, 3x a goblin, 2x a hippogriff, 2x a giant cockroach, 2x a shock serp...
 36871 | Swamp:2  | theanonym: !lg . !win place!=d s=killer
 36871 | Swamp:2  | beem: 62 games for theanonym (!win place!=d): 7x, 2x a mummy, 2x a komodo dragon, 2x a five-headed hydra, 2x a shock serpent, 2x Donald, 2x an orc priest, a centaur zombie, an orc sorcerer, a Killer Klown, Aizul, Gloorx Vloq, an 11-headed hydra, Cerebov, a titan, a brown very ugly thing, an ogre mage, a soldier ant, a ghoul, a small abomination, a merfolk siren, a tyrant leech, an ancient zyme, a stor...
 36871 | Swamp:2  | theanonym: !lg . killer=killer_klown
 36871 | Swamp:2  | beem: 1. theanonym the Slayer (L27 FoAK of Lugonu), succumbed to a Killer Klown's poison on Abyss:1 on 2017-10-31 05:07:15, with 658969 points after 87968 turns and 7:05:40.
 36871 | Swamp:2  | theanonym: !lg . !win place!=d s=ckiller
 36871 | Swamp:2  | beem: 62 games for theanonym (!win place!=d): 5x quitting, 3x a hydra, 2x a shock serpent, 2x an orc priest, 2x a mummy, 2x a komodo dragon, 2x Donald, an ogre mage, cloud, an orc sorcerer, a Killer Klown, a soldier ant, a ghoul, a small abomination, a merfolk siren, a very ugly thing, a tyrant leech, a draconian, an ancient zyme, pois, a reaper, a titanic slime creature, Aizul, Gloorx Vloq, Cerebov, ...
 36896 | Swamp:2  | Killed Salmacis's ghost
 36896 | Swamp:2  | Reached skill level 14 in Hexes
 37912 | Swamp:3  | Reached skill level 21 in Stealth
 37962 | Swamp:3  | Noticed a tentacled monstrosity
 37967 | Swamp:3  | Killed a tentacled monstrosity
 37992 | Swamp:3  | Reached skill level 15 in Hexes
 37992 | Swamp:3  | Reached XP level 16. HP: 86/86 MP: 29/29
 38174 | Swamp:4  | Entered Level 4 of the Swamp
 38410 | Snake:1  | Entered Level 1 of the Snake Pit
 38687 | Orc:2    | Found Mufam's Magic Scroll Emporium.
 38687 | Orc:2    | Found Yzokoud's Book Boutique.
 38689 | Orc:2    | Found Duonefuf's Distillery.
 38689 | Orc:2    | Found Cyteitucad's Jewellery Boutique.
 38771 | Orc:2    | Bought a scroll of identify for 26 gold pieces
 38776 | Orc:2    | Bought a book of Enchantments for 500 gold pieces
 38782 | Orc:2    | Learned a level 5 spell: Silence
 38787 | Orc:2    | Learned a level 4 spell: Cause Fear
 38876 | Orc:2    | Bought the ring "Taush" {EV+4 Int+5} for 802 gold pieces
 38876 | Orc:2    | Bought a +2 amulet of reflection for 112 gold pieces
 39394 | Elf:1    | Entered Level 1 of the Elven Halls
 39402 | Elf:1    | Reached skill level 1 in Air Magic
 39590 | Elf:1    | Reached skill level 2 in Air Magic
 39630 | Elf:1    | Reached skill level 22 in Stealth
 39839 | Elf:1    | HP: 40/86 [deep elf archer/arrow (21)]
 40243 | Elf:1    | Found Coutant's Distillery.
 40467 | D:14     | Killed Frances
 40467 | D:14     | Reached skill level 3 in Air Magic
 41461 | D:15     | Entered Level 15 of the Dungeon
 41732 | D:15     | Found a hide-covered altar of Uskayaw.
 41911 | D:15     | HP: 31/86 [yaktaur/bolt (32)]
 42177 | D:15     | Reached skill level 9 in Spellcasting
 42457 | D:15     | Learned a level 2 spell: Passwall
 42863 | D:15     | Found a staircase to the Depths.
 43291 | Swamp:4  | Reached skill level 23 in Stealth
 43373 | Swamp:4  | Reached skill level 11 in Fighting
 43632 | Swamp:4  | Noticed a thorn hunter
 43700 | Swamp:4  | HP: 42/87 [swamp dragon] (8)]
 43705 | Swamp:4  | HP: 34/87 [poisoned by a swamp dragon (poison gas)]
 43710 | Swamp:4  | HP: 29/87 [poisoned by a swamp dragon (poison gas)]
 43715 | Swamp:4  | HP: 23/87 [poisoned by a swamp dragon (poison gas)]
 43720 | Swamp:4  | HP: 17/87 [poisoned by a swamp dragon (poison gas)]
 43725 | Swamp:4  | HP: 12/87 [poisoned by a swamp dragon (poison gas)]
 43730 | Swamp:4  | HP: 8/87 [poisoned by a swamp dragon (poison gas)]
 43735 | Swamp:4  | HP: 7/87 [poisoned by a swamp dragon (poison gas)]
 43740 | Swamp:4  | HP: 6/87 [poisoned by a swamp dragon (poison gas)]
 43745 | Swamp:4  | HP: 5/87 [poisoned by a swamp dragon (poison gas)]
 43752 | Swamp:4  | HP: 5/87 [poisoned by a swamp dragon (poison gas)]
 43760 | Swamp:4  | HP: 5/87 [poisoned by a swamp dragon (poison gas)]
 44499 | Swamp:4  | Noticed the 27-headed Lernaean hydra
 44509 | Swamp:4  | HP: 29/87 [the 27-headed Lernaean hydra (18)]
 44509 | Swamp:4  | HP: 5/87 [the 27-headed Lernaean hydra (10)]
 44509 | Swamp:4  | HP: 1/87 [the 27-headed Lernaean hydra (4)]
 44509 | Swamp:4  | Slain by the 27-headed Lernaean hydra

Vanquished Creatures
  A tentacled monstrosity (Swamp:3)
  Frances (D:14)
  A thorn hunter (Swamp:2)
  The ghost of Salmacis the Fencer, an adept FoFi of Hepliaklqana (Swamp:2)
  2 entropy weavers (Lair:6)
  The ghost of asdu the Basher, a journeyman DsAr of Wu Jian (D:12)
  2 ettins
  An ogre mage (D:15)
  Josephine (Swamp:1)
  A ghost crab (Swamp:4)
  5 catoblepae
  A yaktaur captain (D:14)
  Harold (D:11)
  14 hydras
  3 centaur warriors
  Erica (D:8)
  A death knight (D:13)
  A queen ant (Lair:6)
  13 death yaks
  8 alligators
  A dancing weapon (Elf:1)
  8 two-headed ogres
  2 tengu warriors
  Urug (Lair:2)
  3 orc high priests (Orc:2)
  A deep elf knight (Elf:1)
  2 unseen horrors (D:12)
  2 spriggan druids
  6 swamp dragons
  Pikel (D:7)
  A deep elf archer (Elf:1)
  9 orc knights
  4 orc sorcerers
  9 ugly things (D:14)
  9 deep elf magi (Elf:1)
  3 cyclopes
  4 manticores
  5 elephants
  An ice statue (IceCv)
  3 black mambas
  Psyche (D:10)
  A gargoyle (D:15)
  18 spiny frogs
  4 torpor snails (Lair:3)
  An efreet (D:13)
  2 rime drakes
  A tengu conjurer (D:15)
  8 komodo dragons
  11 yaktaurs
  8 trolls
  3 meliai
  10 polar bears
  Grinder (D:3)
  3 tyrant leeches
  6 blink frogs
  7 hornets
  9 slime creatures
  A dream sheep (Lair:4)
  6 hippogriffs
  12 bog bodies
  A water elemental (Elf:1)
  4 shadows
  2 vampires
  7 spriggans
  4 wraiths (Swamp:1)
  3 wyverns
  55 yaks
  A hungry ghost (D:14)
  6 basilisks
  32 vampire mosquitoes
  3 nagas (Lair:4)
  3 wargs
  18 swamp worms
  10 insubstantial wisps
  Edmund (D:6)
  14 water moccasins
  20 soldier ants
  5 porcupines
  39 orc warriors
  3 ice beasts
  3 sky beasts
  A slave (D:7)
  9 swamp drakes
  An eye of draining (D:14)
  21 wolves
  11 ogres
  2 necrophages (D:6)
  12 crocodiles
  10 centaurs
  4 big kobolds
  Blork the orc (D:6)
  14 bullfrogs
  4 gnoll sergeants
  A wyvern zombie (D:11)
  3 scorpions
  22 killer bees
  10 wights
  6 howler monkeys
  An electric eel (D:8)
  3 centaur zombies
  4 crimson imps
  Crazy Yiuf (D:2)
  2 bullfrog zombies
  A quasit (D:8)
  21 orc priests
  4 jellies
  2 bullfrog skeletons
  5 hounds
  31 orc wizards
  4 centaur skeletons
  Terence (D:2)
  Jessica (D:3)
  4 iguanas
  23 worker ants
  A killer bee zombie (D:8)
  A hound skeleton (D:7)
  3 worker ant zombies
  7 gnolls
  A howler monkey skeleton (D:5)
  14 adders
  3 shadow imps
  12 white imps (Lair:6)
  An ooze (D:4)
  An adder zombie (D:8)
  5 adder skeletons
  5 worms (D:2)
  A dart slug (D:2)
  4 leopard geckos
  122 orcs
  4 giant cockroaches (D:1)
  8 goblins
  4 hobgoblins
  4 jackals (D:8)
  18 kobolds
  3 ball pythons
  6 bats
  3 frilled lizards (D:2)
  A quokka skeleton (D:8)
  A quokka zombie (D:6)
  9 rats
964 creatures vanquished.

Vanquished Creatures (collateral kills)
  A tengu warrior (D:14)
  A spriggan druid (Swamp:3)
  A gnoll (D:4)
3 creatures vanquished.

Vanquished Creatures (others)
  The ghost of Megalobster the Grappler, a journeyman TrMo of Trog (IceCv)
  2 polar bears (IceCv)
  A dancing weapon (D:12)
  A vampire mosquito (Swamp:4)
  3 wolves (IceCv)
  14 fungi (Lair:6)
  57 plants
79 creatures vanquished.

Grand Total: 1046 creatures vanquished
